PHILADELPHIA Flyers vs ST. LOUIS Blues

Created - 2 avril 2019 at 15:29

Goals
1 2 3 T
PHILADELPHIA Flyers 1 0 0 1
ST. LOUIS Blues 1 0 3 4
Shots
1 2 3 T
PHILADELPHIA Flyers 13 7 11 31
ST. LOUIS Blues 13 7 16 36

1st period

1. ST. LOUIS Blues , Paul Stastny 13 (Ben Lovejoy 21, Marcus Johansson 27) at 17:56
2. PHILADELPHIA Flyers , Torey Krug 17 (Jonathan Drouin 20, Sean Couturier 40) at 19:50 (PP)

Penalties :
Roman Polak (STL) for Holding (Minor) at 2:53, Anders Lee (STL) for Tripping (Minor) at 19:06

2nd period

No Goal

Penalties :
Noah Juulsen (PHI) for Cross-checking (Minor) at 3:18, Ben Lovejoy (STL) for Tripping (Minor) at 5:41

3rd period

3. ST. LOUIS Blues , Jonathan Marchessault 26 (P.K. Subban 37, Claude Giroux 47) at 0:11
4. ST. LOUIS Blues , Paul Stastny 14 (Oscar Klefbom 26, Marcus Johansson 28) at 3:27
5. ST. LOUIS Blues , P.K. Subban 15 (Jonathan Marchessault 34, Claude Giroux 48) at 10:21 (PP)

Penalties :
Shea Weber (PHI) for Diving (Minor) at 9:43

Goalie Stats

Thomas Greiss (PHI), 32 saves from 36 shots - (0,889), L, 9-14-1, 60:00 minutes
Curtis McElhinney (STL), 30 saves from 31 shots - (0,968), W, 19-12-1, 60:00 minutes

Players Stats for PHILADELPHIA Flyers

Player Name              G  A  P  +/- PIM S  H  SB GA TA FO     MP     PP MP  PK MP  
------------------------------------------------------------------------------------
Andrew Shaw              0  0  0  -1  0   0  1  0  0  0  0/0    14:59   0:00   0:00 
Brendan Gallagher        0  0  0   0  0   0  4  0  0  0  0/1    17:08   1:21   0:00 
Curtis Lazar             0  0  0   0  0   0  1  0  0  0  2/7     4:52   0:00   0:00 
Erik Gudbranson          0  0  0  -1  0   1  2  0  0  0  0/0    20:20   1:38   1:34 
Jimmy Hayes              0  0  0   0  0   0  0  0  0  0  0/1     4:52   0:00   0:00 
Jonathan Drouin          0  1  1   0  0   4  2  0  0  0  0/0    17:08   1:21   0:00 
Leon Draisaitl           0  0  0  -2  0   3  1  0  0  0  5/6    22:15   3:21   1:51 
Matt Duchene             0  0  0  -2  0   2  0  0  0  0  0/1    17:03   0:00   0:00 
Max Domi                 0  0  0   0  0   3  0  0  0  0  6/15   18:51   2:49   0:15 
Miles Wood               0  0  0   0  0   2  0  0  0  0  0/0     4:52   0:00   0:00 
Noah Juulsen             0  0  0   0  2   0  1  1  0  0  0/0    13:43   0:00   0:00 
Patrick Marleau          0  0  0  -1  0   4  0  0  0  0  10/20  18:52   3:21   0:32 
Sean Couturier           0  1  1  -2  0   4  0  0  0  0  17/31  21:00   1:53   2:04 
Shea Weber               0  0  0  -2  2   3  5  1  0  0  0/0    24:52   3:04   0:00 
Tomas Tatar              0  0  0  -1  0   0  0  0  0  0  2/2    15:31   0:00   0:32 
Torey Krug               1  0  1  -1  0   3  1  3  0  0  0/0    23:01   2:24   1:03 
Victor Mete              0  0  0  -2  0   2  1  0  0  0  0/0    22:04   1:38   1:03 
Xavier Ouellet           0  0  0   0  0   0  0  5  0  0  0/0    15:58   0:40   1:34 

Players Stats for ST. LOUIS Blues

Player Name              G  A  P  +/- PIM S  H  SB GA TA FO     MP     PP MP  PK MP  
------------------------------------------------------------------------------------
Alex Ovechkin            0  0  0   2  0   3  1  0  0  0  1/7    20:09   1:29   3:07 
Anders Lee               0  0  0   1  2   2  3  0  0  0  1/1    19:57   1:08   0:00 
Andrei Markov            0  0  0   1  0   1  1  2  0  0  0/0    23:47   1:46   2:14 
Ben Lovejoy              0  1  1   1  2   2  1  1  0  0  0/0    13:52   0:00   0:00 
Brandon Tanev            0  0  0   0  0   1  1  0  0  0  0/0     6:41   0:00   0:00 
Claude Giroux            0  2  2   1  0   5  0  0  0  0  16/30  23:23   1:29   3:04 
Colin Miller             0  0  0   1  0   0  4  2  0  0  0/0    15:10   0:00   1:17 
Connor Brown             0  0  0   0  0   0  0  0  0  0  1/1    11:40   0:00   0:03 
Erik Haula               0  0  0   0  0   1  3  0  0  0  6/15   11:37   0:00   0:00 
Jonathan Marchessault    1  1  2   1  0   6  2  0  0  0  0/2    21:54   1:29   1:35 
Kevin Labanc             0  0  0   0  0   1  1  0  0  0  0/0    11:37   0:00   0:00 
Marcus Johansson         0  2  2   2  0   2  1  1  0  0  1/1    16:41   1:08   0:00 
Oscar Klefbom            0  1  1   1  0   1  4  2  0  0  0/0    21:01   0:51   2:28 
P.K. Subban              1  1  2   1  0   3  2  1  0  0  0/0    25:06   1:46   2:14 
Paul Stastny             2  0  2   2  0   7  1  0  0  0  11/20  18:16   1:08   1:35 
Roman Polak              0  0  0   1  2   1  1  0  0  0  0/0    21:02   0:51   1:11 
Sven Andrighetto         0  0  0   0  0   0  0  0  0  0  0/0     6:41   0:00   0:00 
Victor Rask              0  0  0   0  0   0  0  0  0  0  5/7     6:41   0:00   0:00 

3 Stars

1 - Paul Stastny (STL)
2 - P.K. Subban (STL)
3 - Jonathan Marchessault (STL)

Power Play

PHILADELPHIA Flyers - 1 on 3 Attempt(s) - 33,33%
ST. LOUIS Blues - 1 on 2 Attempt(s) - 50,00%

Penalty Kill

PHILADELPHIA Flyers - 1 on 2 Attempt(s) - 50,00% - Score 0 goal in Penalty Kill
ST. LOUIS Blues - 2 on 3 Attempt(s) - 66,67% - Score 0 goal in Penalty Kill

Team Stat

PHILADELPHIA Flyers - Hits : 19 - Faceoff Wins : 42 - Blocked Shots : 10 - Penalty Minutes : 4
ST. LOUIS Blues - Hits : 26 - Faceoff Wins : 42 - Blocked Shots : 9 - Penalty Minutes : 6

Official

Referees : Unknown
Linesman : Unknown

Game Notes

No Game Note

Finance

Level 1 -- Attendance: 6153 (87,90%) -- Ticket Income 584 535 $
Level 2 -- Attendance: 4758 (95,16%) -- Ticket Income 261 690 $
Level 3 -- Attendance: 1883 (94,15%) -- Ticket Income 65 905 $
Level 4 -- Attendance: 4000 (100,00%) -- Ticket Income 80 000 $
Luxury Box -- Attendance: 893 (59,53%) -- Ticket Income 151 810 $
Game was played at the Scottrade Center.
Total Attendance: 17687 (90,70%)
Total Ticket Income: 1 143 940 $
Other Income: 446 137 $
Total Income: 1 590 077 $

PHILADELPHIA Flyers

5 vs 5 Forward 
   Center                   Left Wing                Right Wing               Time % Phy DF OF 
 1 Sean Couturier           Matt Duchene             Leon Draisaitl           38     1   2  2  
 2 Max Domi                 Jonathan Drouin          Brendan Gallagher        30     1   2  2  
 3 Patrick Marleau          Tomas Tatar              Andrew Shaw              27     1   2  2  
 4 Curtis Lazar             Miles Wood               Jimmy Hayes              5      1   2  2  

5 vs 5 Defense 
   Defense                  Defense                                           Time % Phy DF OF 
 1 Victor Mete              Shea Weber                                        37     1   2  2  
 2 Torey Krug               Erik Gudbranson                                   30     1   2  2  
 3 Xavier Ouellet           Noah Juulsen                                      20     1   2  2  
 4 Torey Krug               Shea Weber                                        13     1   2  2  

PowerPlay Forward 
   Center                   Left Wing                Right Wing               Time % Phy DF OF 
 1 Leon Draisaitl           Patrick Marleau          Max Domi                 60     1   2  2  
 2 Sean Couturier           Jonathan Drouin          Brendan Gallagher        40     1   2  2  

PowerPlay Defense
   Defense                  Defense                                           Time % Phy DF OF 
 1 Shea Weber               Torey Krug                                        60     1   2  2  
 2 Victor Mete              Erik Gudbranson                                   40     1   2  2  

Penalty Kill 4 Players Forward 
   Center                   Wing                     Time % Phy DF OF 
 1 Sean Couturier           Leon Draisaitl           60     1   2  2  
 2 Patrick Marleau          Tomas Tatar              40     1   2  2  

Penalty Kill 4 Players Defense
   Defense                  Defense                  Time % Phy DF OF 
 1 Torey Krug               Victor Mete              60     1   2  2  
 2 Xavier Ouellet           Erik Gudbranson          40     1   2  2  

Penalty Kill - 3 Players Forward 
   Forward                                           Time % Phy DF OF 
 1 Sean Couturier                                    60     1   2  2  
 2 Leon Draisaitl                                    40     1   2  2  

Penalty Kill - 3 Players Defense
   Defense                  Defense                  Time % Phy DF OF 
 1 Torey Krug               Victor Mete              60     1   2  2  
 2 Xavier Ouellet           Erik Gudbranson          40     1   2  2  

4 vs 4 Forward 
   Center                   Wing                     Time % Phy DF OF 
 1 Leon Draisaitl           Jonathan Drouin          60     1   2  2  
 2 Sean Couturier           Max Domi                 40     1   2  2  

4 vs 4 Defense
   Defense                  Defense                  Time % Phy DF OF 
 1 Victor Mete              Xavier Ouellet           60     1   2  2  
 2 Torey Krug               Erik Gudbranson          40     1   2  2  

Last Minutes Offensive
   Center                   Left Wing                Right Wing               Defense                  Defense                  
   Leon Draisaitl           Matt Duchene             Jonathan Drouin          Torey Krug               Shea Weber               

Last Minutes Defensive
   Center                   Left Wing                Right Wing               Defense                  Defense                  
   Sean Couturier           Max Domi                 Patrick Marleau          Erik Gudbranson          Victor Mete              

Goaltenders
Starting : Thomas Greiss            
Backup : Henrik Lundqvist         

Extra Forwards
Normal : Leon Draisaitl, Sean Couturier, Jonathan Drouin - PP : Sean Couturier, Brendan Gallagher - PK : Max Domi
Extra Defensemen
Normal : Erik Gudbranson, Torey Krug, Victor Mete - PP : Torey Krug - PK : Torey Krug, Noah Juulsen
Penalty Shots
Jonathan Drouin, Leon Draisaitl, Sean Couturier, Brendan Gallagher, Max Domi

ST. LOUIS Blues

5 vs 5 Forward 
   Center                   Left Wing                Right Wing               Time % Phy DF OF 
 1 Claude Giroux            Anders Lee               Jonathan Marchessault    40     1   1  3  
 2 Paul Stastny             Alex Ovechkin            Marcus Johansson         30     1   1  3  
 3 Erik Haula               Kevin Labanc             Connor Brown             20     1   3  1  
 4 Victor Rask              Brandon Tanev            Sven Andrighetto         10     1   3  1  

5 vs 5 Defense 
   Defense                  Defense                                           Time % Phy DF OF 
 1 P.K. Subban              Roman Polak                                       40     2   2  1  
 2 Oscar Klefbom            Andrei Markov                                     30     1   2  2  
 3 Ben Lovejoy              Colin Miller                                      20     1   2  2  
 4 P.K. Subban              Andrei Markov                                     10     1   1  3  

PowerPlay Forward 
   Center                   Left Wing                Right Wing               Time % Phy DF OF 
 1 Claude Giroux            Alex Ovechkin            Jonathan Marchessault    60     1   0  4  
 2 Paul Stastny             Anders Lee               Marcus Johansson         40     1   2  2  

PowerPlay Defense
   Defense                  Defense                                           Time % Phy DF OF 
 1 P.K. Subban              Andrei Markov                                     60     0   1  4  
 2 Oscar Klefbom            Roman Polak                                       40     1   2  2  

Penalty Kill 4 Players Forward 
   Center                   Wing                     Time % Phy DF OF 
 1 Alex Ovechkin            Claude Giroux            60     1   2  2  
 2 Jonathan Marchessault    Paul Stastny             40     1   2  2  

Penalty Kill 4 Players Defense
   Defense                  Defense                  Time % Phy DF OF 
 1 P.K. Subban              Andrei Markov            60     1   2  2  
 2 Oscar Klefbom            Roman Polak              40     1   2  2  

Penalty Kill - 3 Players Forward 
   Forward                                           Time % Phy DF OF 
 1 Alex Ovechkin                                     60     1   2  2  
 2 Claude Giroux                                     40     1   2  2  

Penalty Kill - 3 Players Defense
   Defense                  Defense                  Time % Phy DF OF 
 1 P.K. Subban              Andrei Markov            60     1   2  2  
 2 Oscar Klefbom            Roman Polak              40     1   2  2  

4 vs 4 Forward 
   Center                   Wing                     Time % Phy DF OF 
 1 Alex Ovechkin            Claude Giroux            60     1   2  2  
 2 Jonathan Marchessault    Paul Stastny             40     1   2  2  

4 vs 4 Defense
   Defense                  Defense                  Time % Phy DF OF 
 1 P.K. Subban              Andrei Markov            60     1   2  2  
 2 Oscar Klefbom            Roman Polak              40     1   2  2  

Last Minutes Offensive
   Center                   Left Wing                Right Wing               Defense                  Defense                  
   Claude Giroux            Alex Ovechkin            Jonathan Marchessault    P.K. Subban              Andrei Markov            

Last Minutes Defensive
   Center                   Left Wing                Right Wing               Defense                  Defense                  
   Claude Giroux            Alex Ovechkin            Jonathan Marchessault    P.K. Subban              Andrei Markov            

Goaltenders
Starting : Curtis McElhinney        
Backup : Cam Ward                 

Extra Forwards
Normal : Sven Andrighetto, Erik Haula, Connor Brown - PP : Sven Andrighetto, Erik Haula - PK : Connor Brown
Extra Defensemen
Normal : Ben Lovejoy, Colin Miller, Oscar Klefbom - PP : Ben Lovejoy - PK : Colin Miller, Oscar Klefbom
Penalty Shots
Alex Ovechkin, Claude Giroux, Jonathan Marchessault, Paul Stastny, Anders Lee


% Time on Ice - PHILADELPHIA Flyers

Lines # - Real PCT - Wanted PCT - Time Play
Normal Forward
1 - 32% - 38% - 17:03
2 - 30% - 30% - 15:47
3 - 28% - 27% - 14:59
4 - 9% - 5% - 4:52
Normal Defense
1 - 37% - 37% - 19:23
2 - 31% - 30% - 16:19
3 - 26% - 20% - 13:44
4 - 6% - 13% - 3:15
PP Forward
1 - 71% - 60% - 3:21
2 - 29% - 40% - 1:21
PP Defense
1 - 65% - 60% - 3:04
2 - 35% - 40% - 1:38
PK Forward
1 - 80% - 60% - 2:05
2 - 20% - 40% - 0:32
PK Defense
1 - 40% - 60% - 1:03
2 - 60% - 40% - 1:34
PK3 Forward
1 - 0% - 60%
2 - 0% - 40%
PK3 Defense
1 - 0% - 60%
2 - 0% - 40%
44 Forward
1 - 0% - 60%
2 - 0% - 40%
44 Defense
1 - 0% - 60%
2 - 0% - 40%
Last Minute Offensive  - 0:00
Last Minute Defensive  - 0:00
Total
Forward - 60:00
Defense - 60:00

% Time on Ice - ST. LOUIS Blues

Lines # - Real PCT - Wanted PCT - Time Play
Normal Forward
1 - 36% - 40% - 18:50
2 - 30% - 30% - 15:33
3 - 22% - 20% - 11:37
4 - 13% - 10% - 6:41
Normal Defense
1 - 36% - 40% - 19:01
2 - 34% - 30% - 17:42
3 - 26% - 20% - 13:53
4 - 4% - 10% - 2:05
PP Forward
1 - 57% - 60% - 1:29
2 - 43% - 40% - 1:08
PP Defense
1 - 68% - 60% - 1:46
2 - 32% - 40% - 0:51
PK Forward
1 - 66% - 60% - 3:07
2 - 34% - 40% - 1:35
PK Defense
1 - 48% - 60% - 2:14
2 - 52% - 40% - 2:28
PK3 Forward
1 - 0% - 60%
2 - 0% - 40%
PK3 Defense
1 - 0% - 60%
2 - 0% - 40%
44 Forward
1 - 0% - 60%
2 - 0% - 40%
44 Defense
1 - 0% - 60%
2 - 0% - 40%
Last Minute Offensive  - 0:00
Last Minute Defensive  - 0:00
Total
Forward - 60:00
Defense - 60:00

Play-by-Play

1st period


0:01 of 1st period - Sean Couturier wins face-off versus Claude Giroux in neutral zone.
0:38 of 1st period - Claude Giroux is hit by Shea Weber and loses puck.
1:11 of 1st period - Shot by Jonathan Drouin.
1:11 of 1st period - Shot Misses the Net.
1:13 of 1st period - Shot by Brendan Gallagher.
1:13 of 1st period - Shot Misses the Net.
1:17 of 1st period - Shot by Jonathan Drouin.
1:17 of 1st period - Shot Misses the Net.
1:23 of 1st period - Shot by Max Domi.
1:23 of 1st period - Shot Misses the Net.
1:25 of 1st period - Shot by Erik Gudbranson.
1:25 of 1st period - Shot Blocked by Oscar Klefbom.
1:28 of 1st period - Jonathan Drouin is hit by Oscar Klefbom and loses puck.
1:42 of 1st period - Jonathan Drouin is hit by Paul Stastny and loses puck.
1:47 of 1st period - Andrei Markov is hit by Brendan Gallagher and loses puck.
2:03 of 1st period - Patrick Marleau is hit by Oscar Klefbom and loses puck.
2:12 of 1st period - Shot by Patrick Marleau.
2:12 of 1st period - Stopped by Curtis McElhinney without a rebound.
2:13 of 1st period - Curtis Lazar wins face-off versus Erik Haula in ST. LOUIS Blues zone.
2:43 of 1st period - Shot by Ben Lovejoy.
2:43 of 1st period - Stopped by Thomas Greiss without a rebound.
2:44 of 1st period - Patrick Marleau wins face-off versus Victor Rask in PHILADELPHIA Flyers zone.
2:44 of 1st period - Patrick Marleau is hit by Brandon Tanev.
2:53 of 1st period - Minor Penalty to Roman Polak for Holding.
2:54 of 1st period - Leon Draisaitl wins face-off versus Alex Ovechkin in ST. LOUIS Blues zone.
3:11 of 1st period - Shot by Shea Weber.
3:11 of 1st period - Deflect By Patrick Marleau.
3:11 of 1st period - Shot Misses the Net.
3:13 of 1st period - Shot by Shea Weber.
3:13 of 1st period - Shot Blocked by Andrei Markov.
3:31 of 1st period - Shot by Torey Krug.
3:31 of 1st period - Shot Blocked by P.K. Subban.
3:33 of 1st period - Shot by Shea Weber.
3:33 of 1st period - Stopped by Curtis McElhinney without a rebound.
3:34 of 1st period - Sean Couturier wins face-off versus Paul Stastny in ST. LOUIS Blues zone.
3:37 of 1st period - Shot by Sean Couturier.
3:37 of 1st period - Stopped by Curtis McElhinney without a rebound.
3:38 of 1st period - Sean Couturier wins face-off versus Jonathan Marchessault in ST. LOUIS Blues zone.
3:55 of 1st period - Shot by Jonathan Drouin.
3:55 of 1st period - Shot Misses the Net.
3:57 of 1st period - Shot by Erik Gudbranson.
3:57 of 1st period - Stopped by Curtis McElhinney without a rebound.
3:58 of 1st period - Leon Draisaitl wins face-off versus Alex Ovechkin in ST. LOUIS Blues zone.
3:58 of 1st period - Leon Draisaitl is hit by Colin Miller.
4:08 of 1st period - Shot by Leon Draisaitl.
4:08 of 1st period - Shot Misses the Net.
4:57 of 1st period - Noah Juulsen is hit by P.K. Subban.
5:11 of 1st period - Shot by Miles Wood.
5:11 of 1st period - Stopped by Curtis McElhinney without a rebound.
5:12 of 1st period - Victor Rask wins face-off versus Sean Couturier in ST. LOUIS Blues zone.
5:41 of 1st period - Shot by Leon Draisaitl.
5:41 of 1st period - Shot Misses the Net.
6:05 of 1st period - Icing by Curtis Lazar.
6:06 of 1st period - Claude Giroux wins face-off versus Curtis Lazar in PHILADELPHIA Flyers zone.
6:06 of 1st period - Roman Polak is hit by Shea Weber and loses puck.
6:23 of 1st period - Shot by Claude Giroux.
6:23 of 1st period - Stopped by Thomas Greiss without a rebound.
6:24 of 1st period - Patrick Marleau wins face-off versus Paul Stastny in PHILADELPHIA Flyers zone.
6:35 of 1st period - Shot by Patrick Marleau.
6:35 of 1st period - Shot Misses the Net.
6:37 of 1st period - Shot by Patrick Marleau.
6:37 of 1st period - Stopped by Curtis McElhinney without a rebound.
6:38 of 1st period - Claude Giroux wins face-off versus Max Domi in ST. LOUIS Blues zone.
6:52 of 1st period - Shot by Jonathan Marchessault.
6:52 of 1st period - Stopped by Thomas Greiss without a rebound.
6:53 of 1st period - Patrick Marleau wins face-off versus Paul Stastny in PHILADELPHIA Flyers zone.
6:53 of 1st period - Patrick Marleau is hit by Alex Ovechkin.
7:14 of 1st period - Shot by Marcus Johansson.
7:14 of 1st period - Shot Misses the Net.
7:16 of 1st period - Shot by Andrei Markov.
7:16 of 1st period - Stopped by Thomas Greiss with a rebound.
7:18 of 1st period - Shot by Paul Stastny.
7:18 of 1st period - Stopped by Thomas Greiss without a rebound.
7:19 of 1st period - Claude Giroux wins face-off versus Matt Duchene in PHILADELPHIA Flyers zone.
7:19 of 1st period - Claude Giroux is hit by Erik Gudbranson.
7:23 of 1st period - Shot by Claude Giroux.
7:23 of 1st period - Deflect By Anders Lee.
7:23 of 1st period - Stopped by Thomas Greiss with a rebound.
7:51 of 1st period - Shot by Roman Polak.
7:51 of 1st period - Shot Misses the Net.
7:53 of 1st period - Shot by Jonathan Marchessault.
7:53 of 1st period - Shot Blocked by Torey Krug.
8:02 of 1st period - Jonathan Marchessault is hit by Erik Gudbranson and loses puck.
10:11 of 1st period - Icing by Andrew Shaw.
10:12 of 1st period - Patrick Marleau wins face-off versus Claude Giroux in PHILADELPHIA Flyers zone.
12:11 of 1st period - Icing by Torey Krug.
12:12 of 1st period - Sean Couturier wins face-off versus Erik Haula in PHILADELPHIA Flyers zone.
12:26 of 1st period - Icing by Brendan Gallagher.
12:27 of 1st period - Claude Giroux wins face-off versus Max Domi in PHILADELPHIA Flyers zone.
12:42 of 1st period - Shot by Claude Giroux.
12:42 of 1st period - Shot Misses the Net.
12:54 of 1st period - Shot by Brendan Gallagher.
12:54 of 1st period - Shot Misses the Net.
12:56 of 1st period - Shot by Brendan Gallagher.
12:56 of 1st period - Shot Misses the Net.
12:58 of 1st period - Shot by Max Domi.
12:58 of 1st period - Stopped by Curtis McElhinney with a rebound.
13:00 of 1st period - Shot by Max Domi.
13:00 of 1st period - Shot Blocked by Colin Miller.
13:02 of 1st period - Shot by Brendan Gallagher.
13:02 of 1st period - Deflect By Max Domi.
13:02 of 1st period - Shot Blocked by Ben Lovejoy.
13:04 of 1st period - Shot by Brendan Gallagher.
13:04 of 1st period - Shot Blocked by Colin Miller.
13:06 of 1st period - Shot by Victor Mete.
13:06 of 1st period - Shot Misses the Net.
13:08 of 1st period - Shot by Erik Gudbranson.
13:08 of 1st period - Deflect By Jonathan Drouin.
13:08 of 1st period - Stopped by Curtis McElhinney without a rebound.
13:09 of 1st period - Paul Stastny wins face-off versus Curtis Lazar in ST. LOUIS Blues zone.
13:09 of 1st period - Paul Stastny is hit by Curtis Lazar.
13:14 of 1st period - Andrei Markov is hit by Shea Weber and loses puck.
13:27 of 1st period - Shot by Alex Ovechkin.
13:27 of 1st period - Stopped by Thomas Greiss without a rebound.
13:28 of 1st period - Erik Haula wins face-off versus Sean Couturier in PHILADELPHIA Flyers zone.
14:32 of 1st period - Shot by Max Domi.
14:32 of 1st period - Stopped by Curtis McElhinney without a rebound.
14:33 of 1st period - Marcus Johansson wins face-off versus Patrick Marleau in ST. LOUIS Blues zone.
14:44 of 1st period - Shot by Marcus Johansson.
14:44 of 1st period - Stopped by Thomas Greiss without a rebound.
14:45 of 1st period - Max Domi wins face-off versus Claude Giroux in PHILADELPHIA Flyers zone.
14:45 of 1st period - Max Domi is hit by Anders Lee.
15:50 of 1st period - Shot by Paul Stastny.
15:50 of 1st period - Stopped by Thomas Greiss without a rebound.
15:51 of 1st period - Sean Couturier wins face-off versus Erik Haula in PHILADELPHIA Flyers zone.
15:51 of 1st period - Sean Couturier is hit by Erik Haula.
16:33 of 1st period - Shot by Kevin Labanc.
16:33 of 1st period - Stopped by Thomas Greiss without a rebound.
16:34 of 1st period - Patrick Marleau wins face-off versus Paul Stastny in PHILADELPHIA Flyers zone.
16:57 of 1st period - Icing by Colin Miller.
16:58 of 1st period - Paul Stastny wins face-off versus Brendan Gallagher in ST. LOUIS Blues zone.
17:05 of 1st period - Shot by Marcus Johansson.
17:05 of 1st period - Shot Misses the Net.
17:07 of 1st period - Shot by Alex Ovechkin.
17:07 of 1st period - Stopped by Thomas Greiss without a rebound.
17:08 of 1st period - Sean Couturier wins face-off versus Claude Giroux in PHILADELPHIA Flyers zone.
17:08 of 1st period - Sean Couturier is hit by Jonathan Marchessault.
17:32 of 1st period - Shot by Anders Lee.
17:32 of 1st period - Shot Misses the Net.
17:46 of 1st period - Shot by Jonathan Marchessault.
17:46 of 1st period - Stopped by Thomas Greiss without a rebound.
17:47 of 1st period - Paul Stastny wins face-off versus Patrick Marleau in PHILADELPHIA Flyers zone.
17:56 of 1st period - Shot by Paul Stastny.
17:56 of 1st period - Goal by Paul Stastny - PHILADELPHIA Flyers : 0 - ST. LOUIS Blues : 1.
17:57 of 1st period - Paul Stastny wins face-off versus Max Domi in neutral zone.
18:08 of 1st period - Ben Lovejoy is hit by Brendan Gallagher and loses puck.
18:26 of 1st period - Icing by Max Domi.
18:27 of 1st period - Max Domi wins face-off versus Claude Giroux in PHILADELPHIA Flyers zone.
18:31 of 1st period - Torey Krug is hit by Jonathan Marchessault and loses puck.
19:01 of 1st period - Shot by Jonathan Marchessault.
19:01 of 1st period - Shot Blocked by Torey Krug.
19:03 of 1st period - Shot by Jonathan Marchessault.
19:03 of 1st period - Shot Misses the Net.
19:06 of 1st period - Minor Penalty to Anders Lee for Tripping.
19:07 of 1st period - Alex Ovechkin wins face-off versus Sean Couturier in ST. LOUIS Blues zone.
19:24 of 1st period - Oscar Klefbom is hit by Leon Draisaitl and loses puck.
19:32 of 1st period - Icing by Sean Couturier.
19:33 of 1st period - Leon Draisaitl wins face-off versus Alex Ovechkin in PHILADELPHIA Flyers zone.
19:38 of 1st period - Shot by Shea Weber.
19:38 of 1st period - Stopped by Curtis McElhinney without a rebound.
19:39 of 1st period - Leon Draisaitl wins face-off versus Alex Ovechkin in ST. LOUIS Blues zone.
19:42 of 1st period - Shot by Max Domi.
19:42 of 1st period - Stopped by Curtis McElhinney without a rebound.
19:43 of 1st period - Sean Couturier wins face-off versus Alex Ovechkin in ST. LOUIS Blues zone.
19:48 of 1st period - Shot by Jonathan Drouin.
19:48 of 1st period - Stopped by Curtis McElhinney with a rebound.
19:50 of 1st period - Shot by Torey Krug.
19:50 of 1st period - Goal by Torey Krug - PHILADELPHIA Flyers : 1 - ST. LOUIS Blues : 1.
19:51 of 1st period - Sean Couturier wins face-off versus Erik Haula in neutral zone.
Goals for this period are 1 for PHILADELPHIA Flyers vs 1 for ST. LOUIS Blues.
Shots for this period are 13 for PHILADELPHIA Flyers vs 13 for ST. LOUIS Blues.

2nd period


0:01 of 2nd period - Sean Couturier wins face-off versus Claude Giroux in neutral zone.
0:36 of 2nd period - Shot by Jonathan Marchessault.
0:36 of 2nd period - Deflect By Anders Lee.
0:36 of 2nd period - Shot Blocked by Shea Weber.
0:38 of 2nd period - Shot by P.K. Subban.
0:38 of 2nd period - Stopped by Thomas Greiss without a rebound.
0:39 of 2nd period - Patrick Marleau wins face-off versus Paul Stastny in PHILADELPHIA Flyers zone.
1:04 of 2nd period - Shot by Alex Ovechkin.
1:04 of 2nd period - Shot Blocked by Noah Juulsen.
2:08 of 2nd period - Shot by Claude Giroux.
2:08 of 2nd period - Stopped by Thomas Greiss without a rebound.
2:09 of 2nd period - Erik Haula wins face-off versus Sean Couturier in PHILADELPHIA Flyers zone.
2:44 of 2nd period - Shot by Matt Duchene.
2:44 of 2nd period - Stopped by Curtis McElhinney without a rebound.
2:45 of 2nd period - Patrick Marleau wins face-off versus Claude Giroux in ST. LOUIS Blues zone.
3:17 of 2nd period - Claude Giroux is hit by Noah Juulsen and loses puck.
3:18 of 2nd period - Minor Penalty to Noah Juulsen for Cross-checking.
3:19 of 2nd period - Sean Couturier wins face-off versus Paul Stastny in PHILADELPHIA Flyers zone.
3:32 of 2nd period - Shot by Anders Lee.
3:32 of 2nd period - Shot Blocked by Torey Krug.
3:36 of 2nd period - Shot by Paul Stastny.
3:36 of 2nd period - Stopped by Thomas Greiss without a rebound.
3:37 of 2nd period - Sean Couturier wins face-off versus Claude Giroux in PHILADELPHIA Flyers zone.
3:53 of 2nd period - Alex Ovechkin is hit by Torey Krug and loses puck.
5:29 of 2nd period - Victor Rask is hit by Shea Weber and loses puck.
5:41 of 2nd period - Minor Penalty to Ben Lovejoy for Tripping.
5:42 of 2nd period - Leon Draisaitl wins face-off versus Alex Ovechkin in ST. LOUIS Blues zone.
5:57 of 2nd period - Shot by Leon Draisaitl.
5:57 of 2nd period - Shot Misses the Net.
6:36 of 2nd period - Sean Couturier is hit by P.K. Subban.
7:56 of 2nd period - Icing by Jimmy Hayes.
7:57 of 2nd period - Victor Rask wins face-off versus Jimmy Hayes in PHILADELPHIA Flyers zone.
8:06 of 2nd period - Shot by Brandon Tanev.
8:06 of 2nd period - Stopped by Thomas Greiss with a rebound.
8:48 of 2nd period - Icing by Ben Lovejoy.
8:49 of 2nd period - Erik Haula wins face-off versus Max Domi in ST. LOUIS Blues zone.
8:49 of 2nd period - Erik Haula is hit by Jonathan Drouin.
9:04 of 2nd period - Max Domi is hit by Colin Miller and loses puck.
9:11 of 2nd period - Shot by Shea Weber.
9:11 of 2nd period - Shot Misses the Net.
9:13 of 2nd period - Shot by Victor Mete.
9:13 of 2nd period - Shot Misses the Net.
9:15 of 2nd period - Shot by Brendan Gallagher.
9:15 of 2nd period - Shot Misses the Net.
9:22 of 2nd period - Icing by Ben Lovejoy.
9:23 of 2nd period - Erik Haula wins face-off versus Sean Couturier in ST. LOUIS Blues zone.
9:35 of 2nd period - Torey Krug is hit by Ben Lovejoy.
9:41 of 2nd period - Shot by Sean Couturier.
9:41 of 2nd period - Deflect By Leon Draisaitl.
9:41 of 2nd period - Stopped by Curtis McElhinney without a rebound.
9:42 of 2nd period - Claude Giroux wins face-off versus Patrick Marleau in ST. LOUIS Blues zone.
9:42 of 2nd period - Claude Giroux is hit by Andrew Shaw.
9:50 of 2nd period - Andrew Shaw is hit by Anders Lee and loses puck.
10:09 of 2nd period - Shot by Oscar Klefbom.
10:09 of 2nd period - Shot Misses the Net.
10:14 of 2nd period - Icing by Andrew Shaw.
10:15 of 2nd period - Paul Stastny wins face-off versus Patrick Marleau in PHILADELPHIA Flyers zone.
10:28 of 2nd period - Shot by Alex Ovechkin.
10:28 of 2nd period - Shot Blocked by Xavier Ouellet.
10:41 of 2nd period - Icing by Tomas Tatar.
10:42 of 2nd period - Claude Giroux wins face-off versus Patrick Marleau in PHILADELPHIA Flyers zone.
10:45 of 2nd period - Shot by Claude Giroux.
10:45 of 2nd period - Stopped by Thomas Greiss with a rebound.
10:47 of 2nd period - Shot by Oscar Klefbom.
10:47 of 2nd period - Stopped by Thomas Greiss without a rebound.
10:48 of 2nd period - Claude Giroux wins face-off versus Sean Couturier in PHILADELPHIA Flyers zone.
11:22 of 2nd period - Shot by Claude Giroux.
11:22 of 2nd period - Stopped by Thomas Greiss without a rebound.
11:23 of 2nd period - Paul Stastny wins face-off versus Max Domi in PHILADELPHIA Flyers zone.
11:50 of 2nd period - Shot by Brendan Gallagher.
11:50 of 2nd period - Shot Misses the Net.
11:52 of 2nd period - Shot by Jonathan Drouin.
11:52 of 2nd period - Stopped by Curtis McElhinney with a rebound.
11:54 of 2nd period - Shot by Brendan Gallagher.
11:54 of 2nd period - Shot Blocked by Marcus Johansson.
14:30 of 2nd period - Roman Polak is hit by Brendan Gallagher and loses puck.
14:56 of 2nd period - Icing by Roman Polak.
14:57 of 2nd period - Tomas Tatar wins face-off versus Victor Rask in ST. LOUIS Blues zone.
15:21 of 2nd period - Shot by Andrew Shaw.
15:21 of 2nd period - Shot Misses the Net.
15:23 of 2nd period - Shot by Shea Weber.
15:23 of 2nd period - Shot Misses the Net.
15:58 of 2nd period - Tomas Tatar is hit by Oscar Klefbom and loses puck.
16:11 of 2nd period - Shot by Claude Giroux.
16:11 of 2nd period - Shot Misses the Net.
16:16 of 2nd period - Torey Krug is hit by Anders Lee and loses puck.
16:23 of 2nd period - Shot by Sean Couturier.
16:23 of 2nd period - Stopped by Curtis McElhinney without a rebound.
16:24 of 2nd period - Paul Stastny wins face-off versus Max Domi in ST. LOUIS Blues zone.
16:24 of 2nd period - Paul Stastny is hit by Brendan Gallagher.
17:01 of 2nd period - Ben Lovejoy is hit by Jonathan Drouin and loses puck.
17:26 of 2nd period - Icing by Alex Ovechkin.
17:27 of 2nd period - Paul Stastny wins face-off versus Sean Couturier in ST. LOUIS Blues zone.
17:32 of 2nd period - Sean Couturier is hit by Marcus Johansson and loses puck.
17:45 of 2nd period - Shot by Matt Duchene.
17:45 of 2nd period - Shot Misses the Net.
17:47 of 2nd period - Shot by Sean Couturier.
17:47 of 2nd period - Stopped by Curtis McElhinney with a rebound.
17:49 of 2nd period - Shot by Torey Krug.
17:49 of 2nd period - Shot Blocked by Andrei Markov.
17:58 of 2nd period - Icing by Oscar Klefbom.
17:59 of 2nd period - Tomas Tatar wins face-off versus Jonathan Marchessault in ST. LOUIS Blues zone.
18:09 of 2nd period - Icing by Oscar Klefbom.
18:10 of 2nd period - Claude Giroux wins face-off versus Curtis Lazar in ST. LOUIS Blues zone.
18:33 of 2nd period - Shot by Shea Weber.
18:33 of 2nd period - Stopped by Curtis McElhinney without a rebound.
18:34 of 2nd period - Sean Couturier wins face-off versus Erik Haula in ST. LOUIS Blues zone.
19:03 of 2nd period - Shot by Matt Duchene.
19:03 of 2nd period - Shot Misses the Net.
19:05 of 2nd period - Shot by Erik Gudbranson.
19:05 of 2nd period - Shot Misses the Net.
19:07 of 2nd period - Shot by Leon Draisaitl.
19:07 of 2nd period - Stopped by Curtis McElhinney without a rebound.
19:08 of 2nd period - Max Domi wins face-off versus Paul Stastny in ST. LOUIS Blues zone.
19:08 of 2nd period - Shea Weber is hit by Andrei Markov and loses puck.
19:50 of 2nd period - Shot by Brendan Gallagher.
19:50 of 2nd period - Shot Misses the Net.
Goals for this period are 0 for PHILADELPHIA Flyers vs 0 for ST. LOUIS Blues.
Shots for this period are 7 for PHILADELPHIA Flyers vs 7 for ST. LOUIS Blues.

3rd period


0:01 of 3rd period - Sean Couturier wins face-off versus Claude Giroux in neutral zone.
0:11 of 3rd period - Shot by Jonathan Marchessault.
0:11 of 3rd period - Goal by Jonathan Marchessault - PHILADELPHIA Flyers : 1 - ST. LOUIS Blues : 2.
0:12 of 3rd period - Paul Stastny wins face-off versus Patrick Marleau in neutral zone.
0:23 of 3rd period - Shot by Alex Ovechkin.
0:23 of 3rd period - Shot Misses the Net.
1:29 of 3rd period - Shot by Jonathan Marchessault.
1:29 of 3rd period - Stopped by Thomas Greiss without a rebound.
1:30 of 3rd period - Max Domi wins face-off versus Erik Haula in PHILADELPHIA Flyers zone.
1:59 of 3rd period - Shot by Jonathan Drouin.
1:59 of 3rd period - Shot Misses the Net.
2:07 of 3rd period - Shot by Jonathan Drouin.
2:07 of 3rd period - Stopped by Curtis McElhinney without a rebound.
2:08 of 3rd period - Sean Couturier wins face-off versus Claude Giroux in ST. LOUIS Blues zone.
2:12 of 3rd period - Matt Duchene is hit by Roman Polak and loses puck.
3:17 of 3rd period - Shot by Marcus Johansson.
3:17 of 3rd period - Deflect By Paul Stastny.
3:17 of 3rd period - Shot Misses the Net.
3:19 of 3rd period - Shot by Marcus Johansson.
3:19 of 3rd period - Stopped by Thomas Greiss with a rebound.
3:21 of 3rd period - Shot by Oscar Klefbom.
3:21 of 3rd period - Shot Hit the Post.
3:27 of 3rd period - Shot by Paul Stastny.
3:27 of 3rd period - Goal by Paul Stastny - PHILADELPHIA Flyers : 1 - ST. LOUIS Blues : 3.
3:28 of 3rd period - Connor Brown wins face-off versus Max Domi in neutral zone.
3:55 of 3rd period - Shot by Jonathan Drouin.
3:55 of 3rd period - Shot Misses the Net.
4:07 of 3rd period - Brendan Gallagher is hit by Erik Haula and loses puck.
4:34 of 3rd period - Shot by Paul Stastny.
4:34 of 3rd period - Stopped by Thomas Greiss with a rebound.
4:38 of 3rd period - Shot by Paul Stastny.
4:38 of 3rd period - Stopped by Thomas Greiss without a rebound.
4:39 of 3rd period - Claude Giroux wins face-off versus Patrick Marleau in PHILADELPHIA Flyers zone.
4:57 of 3rd period - Shot by Patrick Marleau.
4:57 of 3rd period - Shot Misses the Net.
4:59 of 3rd period - Shot by Patrick Marleau.
4:59 of 3rd period - Stopped by Curtis McElhinney without a rebound.
5:00 of 3rd period - Curtis Lazar wins face-off versus Paul Stastny in ST. LOUIS Blues zone.
5:17 of 3rd period - Shot by Victor Mete.
5:17 of 3rd period - Stopped by Curtis McElhinney without a rebound.
5:18 of 3rd period - Sean Couturier wins face-off versus Claude Giroux in ST. LOUIS Blues zone.
5:25 of 3rd period - Shot by P.K. Subban.
5:25 of 3rd period - Shot Misses the Net.
5:27 of 3rd period - Shot by Jonathan Marchessault.
5:27 of 3rd period - Shot Misses the Net.
5:29 of 3rd period - Shot by Claude Giroux.
5:29 of 3rd period - Shot Misses the Net.
5:39 of 3rd period - Shot by Jonathan Marchessault.
5:39 of 3rd period - Shot Blocked by Xavier Ouellet.
5:41 of 3rd period - Shot by P.K. Subban.
5:41 of 3rd period - Shot Blocked by Xavier Ouellet.
5:43 of 3rd period - Shot by P.K. Subban.
5:43 of 3rd period - Shot Blocked by Xavier Ouellet.
6:37 of 3rd period - Shot by Victor Mete.
6:37 of 3rd period - Stopped by Curtis McElhinney without a rebound.
6:38 of 3rd period - Max Domi wins face-off versus Erik Haula in ST. LOUIS Blues zone.
6:46 of 3rd period - Brendan Gallagher is hit by Colin Miller.
7:20 of 3rd period - Max Domi is hit by Colin Miller and loses puck.
8:13 of 3rd period - Icing by Victor Mete.
8:14 of 3rd period - Paul Stastny wins face-off versus Patrick Marleau in PHILADELPHIA Flyers zone.
8:40 of 3rd period - Shot by Patrick Marleau.
8:40 of 3rd period - Stopped by Curtis McElhinney without a rebound.
8:41 of 3rd period - Sean Couturier wins face-off versus Claude Giroux in ST. LOUIS Blues zone.
8:44 of 3rd period - Shot by Matt Duchene.
8:44 of 3rd period - Stopped by Curtis McElhinney without a rebound.
8:45 of 3rd period - Sean Couturier wins face-off versus Claude Giroux in ST. LOUIS Blues zone.
8:56 of 3rd period - Shot by Sean Couturier.
8:56 of 3rd period - Stopped by Curtis McElhinney without a rebound.
8:57 of 3rd period - Patrick Marleau wins face-off versus Paul Stastny in ST. LOUIS Blues zone.
9:40 of 3rd period - Shot by Paul Stastny.
9:40 of 3rd period - Deflect By Marcus Johansson.
9:40 of 3rd period - Shot Misses the Net.
9:43 of 3rd period - Minor Penalty to Shea Weber for Diving.
9:44 of 3rd period - Claude Giroux wins face-off versus Sean Couturier in PHILADELPHIA Flyers zone.
9:47 of 3rd period - Shot by P.K. Subban.
9:47 of 3rd period - Stopped by Thomas Greiss without a rebound.
9:48 of 3rd period - Claude Giroux wins face-off versus Sean Couturier in PHILADELPHIA Flyers zone.
10:05 of 3rd period - Shot by P.K. Subban.
10:05 of 3rd period - Deflect By Jonathan Marchessault.
10:05 of 3rd period - Shot Blocked by Xavier Ouellet.
10:07 of 3rd period - Shot by P.K. Subban.
10:07 of 3rd period - Shot Misses the Net.
10:09 of 3rd period - Shot by Andrei Markov.
10:09 of 3rd period - Shot Misses the Net.
10:19 of 3rd period - Shot by Jonathan Marchessault.
10:19 of 3rd period - Shot Misses the Net.
10:21 of 3rd period - Shot by P.K. Subban.
10:21 of 3rd period - Goal by P.K. Subban - PHILADELPHIA Flyers : 1 - ST. LOUIS Blues : 4.
10:22 of 3rd period - Erik Haula wins face-off versus Max Domi in neutral zone.
10:35 of 3rd period - Shot by Torey Krug.
10:35 of 3rd period - Stopped by Curtis McElhinney without a rebound.
10:36 of 3rd period - Victor Rask wins face-off versus Patrick Marleau in ST. LOUIS Blues zone.
10:43 of 3rd period - Shot by Roman Polak.
10:43 of 3rd period - Stopped by Thomas Greiss without a rebound.
10:44 of 3rd period - Claude Giroux wins face-off versus Sean Couturier in PHILADELPHIA Flyers zone.
10:45 of 3rd period - Shot by Jonathan Marchessault.
10:45 of 3rd period - Stopped by Thomas Greiss without a rebound.
10:46 of 3rd period - Claude Giroux wins face-off versus Sean Couturier in PHILADELPHIA Flyers zone.
10:56 of 3rd period - Icing by Anders Lee.
10:57 of 3rd period - Patrick Marleau wins face-off versus Claude Giroux in ST. LOUIS Blues zone.
12:38 of 3rd period - Icing by Victor Mete.
12:39 of 3rd period - Patrick Marleau wins face-off versus Erik Haula in PHILADELPHIA Flyers zone.
13:00 of 3rd period - Shot by Erik Haula.
13:00 of 3rd period - Stopped by Thomas Greiss without a rebound.
13:01 of 3rd period - Claude Giroux wins face-off versus Sean Couturier in PHILADELPHIA Flyers zone.
13:17 of 3rd period - Icing by Leon Draisaitl.
13:18 of 3rd period - Victor Rask wins face-off versus Sean Couturier in PHILADELPHIA Flyers zone.
13:45 of 3rd period - Shot by Matt Duchene.
13:45 of 3rd period - Shot Misses the Net.
14:09 of 3rd period - Off-side.
14:10 of 3rd period - Claude Giroux wins face-off versus Curtis Lazar in neutral zone.
14:32 of 3rd period - Shot by Claude Giroux.
14:32 of 3rd period - Stopped by Thomas Greiss with a rebound.
14:48 of 3rd period - Shot by Jonathan Marchessault.
14:48 of 3rd period - Stopped by Thomas Greiss with a rebound.
15:38 of 3rd period - Shot by Torey Krug.
15:38 of 3rd period - Stopped by Curtis McElhinney without a rebound.
15:39 of 3rd period - Erik Haula wins face-off versus Sean Couturier in ST. LOUIS Blues zone.
15:53 of 3rd period - Sean Couturier is hit by Kevin Labanc and loses puck.
15:59 of 3rd period - Shea Weber is hit by Erik Haula and loses puck.
16:17 of 3rd period - Icing by Erik Haula.
16:18 of 3rd period - Max Domi wins face-off versus Erik Haula in ST. LOUIS Blues zone.
16:32 of 3rd period - Brendan Gallagher is hit by Oscar Klefbom and loses puck.
16:41 of 3rd period - Shot by Jonathan Drouin.
16:41 of 3rd period - Shot Blocked by Oscar Klefbom.
18:01 of 3rd period - Shot by Leon Draisaitl.
18:01 of 3rd period - Stopped by Curtis McElhinney without a rebound.
18:02 of 3rd period - Paul Stastny wins face-off versus Curtis Lazar in ST. LOUIS Blues zone.
18:14 of 3rd period - Shot by Curtis Lazar.
18:14 of 3rd period - Deflect By Miles Wood.
18:14 of 3rd period - Stopped by Curtis McElhinney without a rebound.
18:15 of 3rd period - Victor Rask wins face-off versus Leon Draisaitl in ST. LOUIS Blues zone.
19:10 of 3rd period - Shot by Alex Ovechkin.
19:10 of 3rd period - Shot Misses the Net.
19:33 of 3rd period - Marcus Johansson is hit by Victor Mete and loses puck.
19:36 of 3rd period - Shot by Paul Stastny.
19:36 of 3rd period - Shot Misses the Net.
19:38 of 3rd period - Shot by Alex Ovechkin.
19:38 of 3rd period - Stopped by Thomas Greiss with a rebound.
19:40 of 3rd period - Shot by Ben Lovejoy.
19:40 of 3rd period - Stopped by Thomas Greiss without a rebound.
19:41 of 3rd period - Anders Lee wins face-off versus Patrick Marleau in PHILADELPHIA Flyers zone.
19:46 of 3rd period - Shot by Anders Lee.
19:46 of 3rd period - Stopped by Thomas Greiss without a rebound.
19:47 of 3rd period - Claude Giroux wins face-off versus Max Domi in PHILADELPHIA Flyers zone.
19:47 of 3rd period - P.K. Subban is hit by Shea Weber and loses puck.
Goals for this period are 0 for PHILADELPHIA Flyers vs 3 for ST. LOUIS Blues.
Shots for this period are 11 for PHILADELPHIA Flyers vs 16 for ST. LOUIS Blues.